 Dungeon Crawl Stone Soup version 0.21.0 (console) character file.

1154 Kloppie the Basher (level 8, -3/73 HPs)
             Began as a Minotaur Fighter on Jan 7, 2018.
             Was an Initiate of Wu Jian.
             Slain by an orc warrior
             ... wielding a +0 trident
              (21 damage)
             ... on level 6 of the Dungeon.
             The game lasted 00:05:23 (4273 turns).

Kloppie the Basher (Minotaur Fighter)               Turns: 4273, Time: 00:05:24

Health: -3/73      AC:  6    Str: 24    XL:     8   Next: 16%
Magic:  7/7        EV:  8    Int:  5    God:    Wu Jian [......]
Gold:   393        SH:  0    Dex:  9    Spells: 7/7 levels left

rFire    . . .     SeeInvis .   a - +0 flail
rCold    . . .     Gourm    .   c - +0 shield
rNeg     . . .     Faith    .   b - +0 scale mail
rPois    .         Spirit   .   (helmet restricted)
rElec    .         Reflect  .   (no cloak)
rCorr    .         Harm     .   (no gloves)
MR       .....                  (no boots)
Stlth    ..........             (no amulet)
HPRegen  0.22/turn              (no ring)
MPRegen  0.10/turn              (no ring)

@: confused
A: retaliatory headbutt, horns 2
a: Renounce Religion


You were on level 6 of the Dungeon.
You worshipped Wu Jian.
Wu Jian was noncommittal.
You were hungry.

You visited 1 branch of the dungeon, and saw 6 of its levels.

You collected 393 gold pieces.

Inventory:

Hand Weapons
 a - a +0 flail (weapon)
 y - a +0 war axe
Armour
 b - a +0 scale mail (worn)
 c - a +0 shield (worn)
 m - a +0 plate armour
Jewellery
 i - an uncursed ring of magical power {unknown}
 u - an uncursed ring of fire {unknown}
Wands
 t - a wand of random effects (4)
Scrolls
 e - a scroll of blinking {unknown}
 g - a scroll of random uselessness {unknown}
 h - 7 scrolls of identify {unknown}
 j - 6 scrolls of teleportation {unknown}
 o - 2 scrolls of remove curse {unknown}
 q - 2 scrolls of amnesia {unknown}
 v - a scroll of immolation {unknown}
 w - a scroll of enchant armour {unknown}
Potions
 d - a potion of flight {unknown}
 k - a potion of heal wounds {unknown}
 l - a potion of ambrosia
 n - 2 potions of degeneration {unknown}
 p - a potion of agility {unknown}
 r - a potion of curing {unknown}
 s - a potion of haste
 x - 2 potions of might
 z - a potion of brilliance {unknown}
Comestibles
 f - 17 rations


   Skills:
 - Level 7.2 Fighting
 + Level 8.5 Maces & Flails
 - Level 3.6 Armour
 + Level 6.4 Shields


You had 7 spell levels left.
You didn't know any spells.

Dungeon Overview and Level Annotations

Branches:
Dungeon (6/15)
 Temple: D:4-7

Altars:
Cheibriados
Makhleb
Uskayaw
Wu Jian
Yredelemnul


Innate Abilities, Weirdness & Mutations

You reflexively headbutt those who attack you in melee.
You have a pair of horns on your head.


Message History

You see here a tomahawk.
You feel sick.
You are no longer poisoned.
The orc warrior throws a tomahawk.
The tomahawk hits you.
* * * LOW HITPOINT WARNING * * *
The orc warrior throws a tomahawk.
You block the tomahawk.
You see here 2 tomahawks.
It was a potion of ambrosia.
You are confused.
You feel invigorated.
The orc warrior throws a tomahawk.
The tomahawk closely misses you.
The orc warrior throws a tomahawk.
The tomahawk hits you but does no damage.
The orc warrior throws a tomahawk.
The tomahawk hits you but does no damage.
The orc warrior throws a tomahawk.
The tomahawk barely misses you.
The orc warrior hits you from afar with a trident!
* * * LOW HITPOINT WARNING * * *
The orc warrior hits you from afar with a trident!!
You die...

#......#............
#########..#######..
###..####.##
#........>.+
#..........#
#.....)....#
##...##...## #+##
##+###.(.#######...##.
#...@(.........$.
#.....o..........
#[...............
#......oa........
#....####o######
#....##..a....#
#....##.......#
#.....#.o.....# #....
+.......+


You could see an orc warrior, a worker ant, an orc priest and an orc.

Vanquished Creatures
  Grinder (D:4)
  Eustachio (D:4)
  An ice beast (D:5)
  A phantom (D:4)
  2 ogres
  A scorpion (D:6)
  2 howler monkeys (D:4)
  An orc priest (D:4)
  An orc wizard (D:5)
  3 worker ants
  7 adders
  An ooze (D:2)
  An adder skeleton (D:4)
  A worm (D:2)
  A dart slug (D:3)
  4 leopard geckos
  15 orcs
  7 bats
  3 giant cockroaches
  13 goblins
  11 hobgoblins
  7 jackals
  A quokka (D:3)
  4 ball pythons
  11 frilled lizards
  A jackal skeleton (D:4)
  9 kobolds
  A quokka skeleton (D:5)
  10 rats
  A spectral orc (D:4)
123 creatures vanquished.

Notes
Turn   | Place    | Note
-------+----------+-------------------------------------------
     0 | D:1      | Kloppie the Minotaur Fighter began the quest for the Orb.
     0 | D:1      | Reached XP level 1. HP: 19/19 MP: 0/0
    84 | D:1      | Reached XP level 2. HP: 19/27 MP: 1/1
    87 | D:1      | Reached skill level 3 in Maces & Flails
   373 | D:1      | Reached XP level 3. HP: 24/34 MP: 2/2
   895 | D:2      | Reached skill level 4 in Maces & Flails
   895 | D:2      | Reached XP level 4. HP: 41/41 MP: 3/3
   923 | D:2      | Reached skill level 5 in Fighting
  1217 | D:2      | Found a burning altar of Makhleb.
  1217 | D:2      | Noticed a blizzard demon
  1669 | D:3      | Reached XP level 5. HP: 48/48 MP: 4/4
  1794 | D:3      | Found a snail-covered altar of Cheibriados.
  2007 | D:4      | Noticed Grinder
  2044 | D:4      | Reached skill level 5 in Maces & Flails
  2065 | D:4      | Noticed a phantom
  2093 | D:4      | Killed a phantom
  2093 | D:4      | Reached XP level 6. HP: 39/58 MP: 5/5
  2204 | D:4      | Noticed Eustachio
  2239 | D:4      | Killed Eustachio
  2239 | D:4      | Reached skill level 6 in Maces & Flails
  2281 | D:4      | Reached XP level 7. HP: 45/66 MP: 6/6
  2585 | D:4      | Reached skill level 7 in Maces & Flails
  2592 | D:4      | Found an ornate altar of the Wu Jian Council.
  2599 | D:4      | Became a worshipper of the Wu Jian Council
  2818 | D:4      | Paralysed by Grinder for 2 turns
  2833 | D:4      | Killed Grinder
  2833 | D:4      | Reached skill level 5 in Shields
  3107 | D:4      | Found a basalt altar of Yredelemnul.
  3210 | D:4      | Found a hide-covered altar of Uskayaw.
  3306 | D:5      | Entered Level 5 of the Dungeon
  3404 | D:5      | Reached skill level 8 in Maces & Flails
  3721 | D:5      | Reached XP level 8. HP: 66/73 MP: 7/7
  4267 | D:6      | HP: 3/73 [orc warrior/tomahawk (5)]
  4273 | D:6      | Slain by an orc warrior

Skill      XL: |  1  2  3  4  5  6  7 |
---------------+----------------------+-----
Fighting       | 4 5 6 7 |  7.2
Maces & Flails | 3 4 5 6 8 |  8.5
Shields        | 6 |  6.4
Armour         | |  3.6

Action                   |  1- 3 |  4- 6 |  7- 9 || total
-------------------------+-------+-------+-------++-------
Melee: Flail             |    98 |   142 |    79 ||   319
       Headbutt          |    10 |    23 |    13 ||    46
Invok: Lunge             |       |       |     4 ||     4
  Use: Potion            |     1 |       |     2 ||     3
  Eat: Chunk             |       |     4 |     6 ||    10
Armor: Scale mail        |    51 |    65 |    17 ||   133
       Skin              |     1 |       |       ||     1
Dodge: Dodged            |    64 |    78 |    24 ||   166
Block: Shield            |       |       |    18 ||    18
